[Event "Titled Tuesday Blitz May 17 Early 2022"]
[White "Donchenko, Alexander"]
[Black "Zavgorodniy, Sergiy"]
[WhiteFideId "24603295"]
[BlackFideId "14110148"]
[WhiteElo "2572"]
[BlackElo "2420"]
[Result "1-0"]
[Round "09"]
[TimeControl "180+1"]
[Date "2022.05.17"]
[WhiteClock "0:01:50"]
[BlackClock "0:01:28"]

1. d4 Nf6 2. Nf3 e6 3. c4 Bb4+ 4. Bd2 Qe7 5. g3 Nc6 6. Nc3 Bxc3 7. Bxc3 Ne4 8. Rc1 O-O 9. Bg2 d6 10. O-O Nxc3 11. Rxc3 e5 12. Re3 Bg4 13. h3 Bxf3 14. Bxf3 Qf6 15. Bxc6 bxc6 16. dxe5 dxe5 17. Qc2 Rfd8 18. h4 Rd4 19. Rd1 Rad8 20. Rxd4 exd4 21. Ra3 g6 22. Rxa7 d3 23. exd3 Qf3 24. Qc3 f5 25. Rxc7 1-0


[Site "https://www.chess.com"]

[Event "Titled Tuesday Blitz May 17 Early 2022"]
[White "Gallego Alcaraz, Andres Felipe"]
[Black "Jesse, Ingemars"]
[WhiteFideId "4402669"]
[BlackFideId "11602724"]
[WhiteElo "2340"]
[BlackElo "2385"]
[Result "1/2-1/2"]
[Round "09"]
[TimeControl "180+1"]
[Date "2022.05.17"]
[WhiteClock "0:00:09"]
[BlackClock "0:00:12"]

1. d4 d5 2. c4 c6 3. Nf3 Nf6 4. Nc3 a6 5. Ne5 Bf5 6. cxd5 cxd5 7. Qb3 Ra7 8. a4 e6 9. Bf4 Nbd7 10. e3 Nxe5 11. Bxe5 Bd6 12. Bxd6 Qxd6 13. Be2 O-O 14. O-O Rc8 15. Rfc1 Rc7 16. a5 Ra8 17. Na4 Nd7 18. Nb6 Rd8 19. Rc3 Rxc3 20. bxc3 h6 21. c4 Nxb6 22. axb6 dxc4 23. Bxc4 Rc8 24. d5 exd5 25. Bxd5 Be6 26. Bxe6 Qxe6 27. Qb2 Rc6 28. Rb1 a5 29. h3 a4 30. Qb4 a3 31. Qxa3 Rxb6 32. Rd1 Rc6 33. Rd8+ Kh7 34. Qd3+ Qg6 35. Qd7 Rc1+ 36. Kh2 Rc2 37. Qe8 Qf5 38. Qh8+ Kg6 39. Rd6+ f6 40. Qe8+ Kh7 41. f4 Qg6 42. Qxg6+ Kxg6 43. Rd7 Rb2 44. e4 b5 45. Kg3 b4 46. Kf3 b3 47. Rb7 Rb1 48. g4 b2 49. Kg2 Kh7 50. e5 fxe5 51. fxe5 Re1 52. Rxb2 Rxe5 53. Rf2 Re6 54. Rf3 Kg6 55. Kg3 Rf6 56. h4 Rxf3+ 57. Kxf3 Kf6 58. Kf4 g5+ 59. hxg5+ hxg5+ 60. Ke4 Ke6 61. Kd4 Kd6 62. Ke4 Ke6 63. Kd4 Kd6 64. Ke4 Ke6 1/2-1/2


[Site "https://www.chess.com"]

[Event "Titled Tuesday Blitz May 17 Early 2022"]
[White "Garriga Cazorla, Pere"]
[Black "Visakh N R"]
[WhiteFideId "32011601"]
[BlackFideId "25012223"]
[WhiteElo "2433"]
[BlackElo "2448"]
[Result "1/2-1/2"]
[Round "09"]
[TimeControl "180+1"]
[Date "2022.05.17"]
[WhiteClock "0:00:22"]
[BlackClock "0:00:18"]

1. Nf3 d5 2. c4 d4 3. g3 Nc6 4. Bg2 e5 5. O-O Bc5 6. e3 Nge7 7. exd4 exd4 8. d3 O-O 9. Re1 Ng6 10. a3 a5 11. Nbd2 a4 12. h4 Re8 13. b4 axb3 14. Nxb3 Rxe1+ 15. Qxe1 Bf8 16. h5 Nge7 17. Bf4 Bg4 18. h6 gxh6 19. Ne5 Nxe5 20. Bxe5 Nc6 21. Bxc6 bxc6 22. Nxd4 Rxa3 23. Rxa3 Bxa3 24. Qe4 Qg5 25. Nxc6 h5 26. Bf4 Qf5 27. Qd4 Qd7 28. Qf6 Qe6 29. Qg5+ Kf8 30. Qd8+ Kg7 31. Qg5+ Kf8 32. Ne5 Be7 33. Qh6+ Qxh6 34. Bxh6+ Ke8 35. Nxg4 hxg4 36. d4 Kd7 37. Kf1 c6 38. Ke2 Ke6 39. Kd3 Bb4 40. Ke4 f5+ 41. Kd3 Be7 42. Bf4 h5 43. Ke3 Bf6 44. Bc7 Bg5+ 45. Bf4 Bd8 46. Kd3 h4 47. gxh4 Bxh4 48. Ke3 Bd8 49. f3 gxf3 50. Kxf3 Bf6 51. Ke3 Kd7 52. Kd3 Ke6 53. Ke3 Kd7 54. d5 cxd5 55. cxd5 Be7 56. Kd4 Bd6 57. Be5 Bxe5+ 58. Kxe5 Ke7 59. Kxf5 Kd6 60. Ke4 Kd7 61. Ke5 Ke7 62. Kd4 Kd6 63. Kc4 Kd7 64. Kc5 Kc7 65. d6+ Kd7 66. Kd5 Kd8 67. Ke5 Kd7 68. Kd5 Kd8 69. Ke6 Ke8 70. Kf6 Kd7 71. Ke5 Kd8 72. Kd4 Kd7 73. Kc5 Kd8 74. Kb6 Kd7 75. Kc5 Kd8 76. Kc6 Kc8 77. d7+ Kd8 78. Kd6 1/2-1/2


[Site "https://www.chess.com"]

[Event "Titled Tuesday Blitz May 17 Early 2022"]
[White "Grischuk, Alexander"]
[Black "Vokhidov, Shamsiddin"]
[WhiteFideId "4126025"]
[BlackFideId "14204223"]
[WhiteElo "2762"]
[BlackElo "2611"]
[Result "1/2-1/2"]
[Round "09"]
[TimeControl "180+1"]
[Date "2022.05.17"]
[WhiteClock "0:01:17"]
[BlackClock "0:01:46"]

1. d4 Nf6 2. Nf3 d5 3. Bf4 c5 4. e3 Nc6 5. Nbd2 Nh5 6. dxc5 Nxf4 7. exf4 Qa5 8. c4 e6 9. a3 Qxc5 10. b4 Qd6 11. g3 g6 12. Bg2 Bg7 13. Rb1 O-O 14. O-O b6 15. cxd5 exd5 16. Nc4 Qd8 17. Nce5 Bb7 18. Nxc6 Bxc6 19. Ne5 Bb7 20. Qd4 Re8 21. Rbd1 Qc7 22. Bxd5 Bxe5 23. fxe5 Bxd5 24. Qxd5 Rad8 25. Qf3 Qxe5 26. Rxd8 Rxd8 27. Qb7 Qb8 28. Qxb8 Rxb8 29. Rc1 Rb7 30. Kg2 1/2-1/2


[Site "https://www.chess.com"]

[Event "Titled Tuesday Blitz May 17 Early 2022"]
[White "Gunina, Valentina"]
[Black "Neiksans, Arturs"]
[WhiteFideId "4167570"]
[BlackFideId "11601388"]
[WhiteElo "2381"]
[BlackElo "2447"]
[Result "0-1"]
[Round "09"]
[TimeControl "180+1"]
[Date "2022.05.17"]
[WhiteClock "0:00:10"]
[BlackClock "0:01:11"]

1. d4 f5 2. c4 Nf6 3. Nf3 g6 4. Nc3 Bg7 5. g3 d6 6. Bg2 O-O 7. O-O c6 8. Re1 Ne4 9. Qd3 Nxc3 10. bxc3 e5 11. e4 fxe4 12. Qxe4 Bf5 13. Qe3 Nd7 14. Ba3 Nb6 15. Nd2 exd4 16. cxd4 Qf6 17. c5 Nd5 18. Bxd5+ cxd5 19. cxd6 Qxd4 20. Rad1 Qxe3 21. Rxe3 d4 22. Re7 Bc2 23. Rde1 d3 24. d7 Ba4 25. R1e3 Bb5 26. Rxg7+ Kxg7 27. Bb2+ Kg8 28. Re7 Rf7 29. Re3 Rxd7 30. Bc3 Rc8 31. Bb4 b6 32. h4 a5 33. Ba3 Rc3 34. Ne4 Rxa3 0-1


[Site "https://www.chess.com"]

[Event "Titled Tuesday Blitz May 17 Early 2022"]
[White "Guseva, Marina"]
[Black "Izzat, Kanan"]
[WhiteFideId "4149351"]
[BlackFideId "13405209"]
[WhiteElo "2128"]
[BlackElo "2362"]
[Result "0-1"]
[Round "09"]
[TimeControl "180+1"]
[Date "2022.05.17"]
[WhiteClock "0:00:12"]
[BlackClock "0:00:07"]

1. d4 Nf6 2. Nf3 d5 3. Bf4 e6 4. e3 Bd6 5. Bg3 O-O 6. Nbd2 c5 7. c3 Qc7 8. Ne5 Nbd7 9. f4 Ne4 10. Nxe4 dxe4 11. Nc4 Be7 12. f5 Qc6 13. fxe6 Qxe6 14. d5 Qg6 15. Be2 b6 16. O-O Bb7 17. d6 Bg5 18. Qd2 f5 19. Rad1 Qe6 20. b3 Kh8 21. Bf4 Bf6 22. h3 Rad8 23. a4 g6 24. Kh1 Bg7 25. g4 fxg4 26. Bxg4 Qe8 27. Qh2 Nf6 28. Be5 Nxg4 29. hxg4 Rf3 30. Bxg7+ Kxg7 31. Ne5 Qe6 32. Nxf3 exf3 33. Qg3 Rd7 34. Kh2 Kg8 35. c4 h5 36. g5 Qe4 37. Rf2 Qxe3 38. Rdd2 Bc6 39. Kh3 Rf7 40. Kh2 Bd7 41. Rd1 Rf4 42. Kg1 Rg4 43. Qxg4 hxg4 0-1


[Site "https://www.chess.com"]

[Event "Titled Tuesday Blitz May 17 Early 2022"]
[White "Hambleton, Aman"]
[Black "Vovk, Orest"]
[WhiteFideId "2606577"]
[BlackFideId "14113490"]
[WhiteElo "2552"]
[BlackElo "2203"]
[Result "0-1"]
[Round "09"]
[TimeControl "180+1"]
[Date "2022.05.17"]
[WhiteClock "0:00:01"]
[BlackClock "0:00:43"]

1. d4 h6 2. c4 g5 3. e4 Bg7 4. Nc3 c5 5. d5 Bxc3+ 6. bxc3 d6 7. f4 Qa5 8. Qc2 gxf4 9. Bxf4 Nd7 10. Nf3 Ngf6 11. Bd3 Ng4 12. h3 Nge5 13. Nxe5 Nxe5 14. Bxe5 dxe5 15. O-O Rg8 16. Kh2 Bd7 17. Be2 Qa6 18. Bh5 O-O-O 19. Rxf7 Rg5 20. Bf3 Qg6 21. Rxe7 Rg8 22. Rd1 Qf6 23. d6 Qf4+ 24. Kh1 Rg3 25. Rxd7 Rxh3+ 26. Kg1 Kxd7 27. Qa4+ Ke6 28. Re1 Qxf3 0-1


[Site "https://www.chess.com"]

[Event "Titled Tuesday Blitz May 17 Early 2022"]
[White "Jarovinsky, Alexey"]
[Black "Kobo, Ori"]
[WhiteFideId "14115131"]
[BlackFideId "2812320"]
[WhiteElo "2446"]
[BlackElo "2420"]
[Result "1-0"]
[Round "09"]
[TimeControl "180+1"]
[Date "2022.05.17"]
[WhiteClock "0:00:09"]
[BlackClock "0:00:03"]

1. Nc3 g6 2. h4 Bg7 3. h5 d5 4. e4 d4 5. Nce2 c5 6. Ng3 Nc6 7. Bb5 Bd7 8. Nf3 Nf6 9. Bxc6 Bxc6 10. d3 Qc7 11. Bg5 Ng4 12. h6 Bf6 13. Bxf6 exf6 14. Qe2 Qf4 15. Rh4 O-O 16. Nh2 f5 17. Nxg4 fxg4 18. Qxg4 Qxg4 19. Rxg4 Rae8 20. Kd2 Kh8 21. f3 f6 22. Rh4 a5 23. Re1 b5 24. Rhh1 a4 25. Re2 Kg8 26. Rhe1 Kf7 27. f4 Rd8 28. Nf1 b4 29. g4 Bb5 30. b3 axb3 31. axb3 Ra8 32. Ng3 Ra2 33. e5 Kg8 34. f5 fxe5 35. Rxe5 gxf5 36. Nxf5 Bd7 37. Rxc5 Bxf5 38. Rxf5 Rxf5 39. gxf5 Kf7 40. Rg1 Kf6 41. Rg7 Kxf5 42. Rxh7 Kg6 43. Rd7 Kxh6 44. Rxd4 1-0


[Site "https://www.chess.com"]

[Event "Titled Tuesday Blitz May 17 Early 2022"]
[White "Kosteniuk, Alexandra"]
[Black "Harsha Bharathakoti"]
[WhiteFideId "4128125"]
[BlackFideId "5078776"]
[WhiteElo "2469"]
[BlackElo "2575"]
[Result "0-1"]
[Round "09"]
[TimeControl "180+1"]
[Date "2022.05.17"]
[WhiteClock "0:00:23"]
[BlackClock "0:00:09"]

1. e4 Nf6 2. e5 Nd5 3. d4 d6 4. Nf3 g6 5. Bc4 Nb6 6. Bb3 Bg7 7. O-O O-O 8. a4 Nc6 9. a5 Nd7 10. exd6 cxd6 11. c3 Nxa5 12. Ba2 Nc6 13. Ng5 Nf6 14. Nd2 d5 15. Re1 Bf5 16. Qe2 h6 17. Ngf3 Ne4 18. Nxe4 Bxe4 19. Nd2 Bf5 20. b4 a6 21. Bb2 g5 22. Nb3 e6 23. Bb1 Bxb1 24. Rexb1 Na7 25. Nc5 Qc7 26. Bc1 Nb5 27. Bd2 Nd6 28. h4 gxh4 29. Bf4 Rad8 30. Qg4 Kh7 31. Qxh4 Qc6 32. Rd1 Nf5 33. Qh5 b6 34. Na4 Qb5 35. g4 Ne7 36. Nb2 Ng6 37. Bd2 Qe2 38. Qh3 f5 39. g5 h5 40. f3 Kg8 41. Nd3 Qxd3 42. Kf2 h4 0-1


[Site "https://www.chess.com"]

[Event "Titled Tuesday Blitz May 17 Early 2022"]
[White "Lazavik, Denis"]
[Black "Nakamura, Hikaru"]
[WhiteFideId "13515110"]
[BlackFideId "2016192"]
[WhiteElo "2437"]
[BlackElo "2850"]
[Result "1/2-1/2"]
[Round "09"]
[TimeControl "180+1"]
[Date "2022.05.17"]
[WhiteClock "0:00:07"]
[BlackClock "0:00:10"]

1. d4 f5 2. Nf3 Nf6 3. g3 g6 4. Bg2 Bg7 5. O-O O-O 6. b3 d6 7. Bb2 c6 8. c4 Qa5 9. Nbd2 Ne4 10. Qc2 Nxd2 11. Nxd2 e5 12. c5 d5 13. dxe5 Nd7 14. Rac1 Nxe5 15. a3 Bd7 16. Nf3 Rfe8 17. Nxe5 Bxe5 18. e3 Qd8 19. Rfd1 Qf6 20. Bxe5 Rxe5 21. b4 g5 22. Rd4 Rf8 23. b5 Re7 24. bxc6 bxc6 25. Qd2 Rb8 26. Rb4 Rbe8 27. Qd4 Qg6 28. h4 f4 29. exf4 gxh4 30. Rb3 Qh5 31. Rf1 Re1 32. gxh4 Rxf1+ 33. Bxf1 Kf7 34. Rg3 Qh6 35. h5 Qf6 36. Qxf6+ Kxf6 37. Bd3 Re7 38. h6 Bf5 39. Bxf5 Kxf5 40. Rg7 Kf6 41. Rg8 Kf5 42. Rg7 Kf6 43. Rg8 Rd7 44. Rc8 d4 45. Rxc6+ Kf5 46. Rd6 Rc7 47. Rxd4 Rxc5 48. Rd7 Ra5 49. Rxh7 Kg6 50. Rh8 Rxa3 51. f5+ Kxf5 52. Rg8 Rh3 53. Rh8 Kg6 54. Rg8+ Kh7 55. Rg7+ Kxh6 56. Rxa7 Rb3 57. Kg2 Kg5 58. Ra5+ Kg6 59. Re5 Rb4 60. Kg3 Kf6 61. f4 Rb3+ 62. Kg4 Rb1 63. Rf5+ Kg6 64. Rg5+ Kf6 65. Rf5+ Kg6 66. Rg5+ Kf6 67. Rf5+ 1/2-1/2


[Site "https://www.chess.com"]

[Event "Titled Tuesday Blitz May 17 Early 2022"]
[White "Makarian, Rudik"]
[Black "Janaszak, Dawid"]
[WhiteFideId "44105681"]
[BlackFideId "1119206"]
[WhiteElo "2419"]
[BlackElo "2199"]
[Result "1-0"]
[Round "09"]
[TimeControl "180+1"]
[Date "2022.05.17"]
[WhiteClock "0:00:15"]
[BlackClock "0:00:12"]

1. d3 Nf6 2. f4 d5 3. Nf3 Bg4 4. Nbd2 d4 5. g3 Nd5 6. Ne4 Bxf3 7. exf3 c5 8. c4 Nf6 9. f5 Nc6 10. Bg2 g6 11. fxg6 hxg6 12. f4 Bg7 13. Bd2 Nxe4 14. Bxe4 Qd7 15. Qe2 O-O-O 16. O-O-O e6 17. Kb1 Kb8 18. h4 Ne7 19. g4 b5 20. Rc1 b4 21. Qg2 a5 22. Rh2 Ka7 23. Rch1 Rhg8 24. h5 gxh5 25. Rxh5 f5 26. gxf5 Nxf5 27. Bxf5 exf5 28. Rg5 Rde8 29. Rg1 Re7 30. Qh3 Rh8 31. Qxf5 Qxf5 32. Rxf5 Rh2 33. Bc1 Rc7 34. Rfg5 Bh6 35. R5g2 Rh3 36. Rg3 Rh2 37. R3g2 Rh3 38. Kc2 Rf7 39. Rf1 Rf5 40. Rgf2 a4 41. b3 a3 42. Re2 Kb7 43. Bd2 Kc7 44. Rg1 Bf8 45. Rg6 Rfh5 46. Rg5 Rh7 47. f5 Rh2 48. Bf4+ Bd6 49. Rxh2 Rxh2+ 50. Bxh2 Bxh2 51. f6 1-0


[Site "https://www.chess.com"]

[Event "Titled Tuesday Blitz May 17 Early 2022"]
[White "Martinez Alcantara, Jose Eduardo"]
[Black "Wagh Suyog"]
[WhiteFideId "3805662"]
[BlackFideId "25071688"]
[WhiteElo "2690"]
[BlackElo "2181"]
[Result "1-0"]
[Round "09"]
[TimeControl "180+1"]
[Date "2022.05.17"]
[WhiteClock "0:00:22"]
[BlackClock "0:00:18"]

1. e4 e5 2. Nf3 Nc6 3. Bb5 a6 4. Ba4 Nf6 5. d3 b5 6. Bb3 Be7 7. Nc3 d6 8. a3 Bg4 9. Be3 O-O 10. h3 Bxf3 11. Qxf3 Nd4 12. Bxd4 exd4 13. Nd5 Nd7 14. O-O c6 15. Nf4 Kh8 16. c3 Bf6 17. Rac1 Nc5 18. Bd1 Be5 19. Ne2 Ne6 20. Bb3 Qa5 21. Bxe6 fxe6 22. Qg4 dxc3 23. bxc3 Rae8 24. d4 Bf6 25. f4 e5 26. dxe5 dxe5 27. f5 Qxa3 28. Kh1 Rd8 29. Qf3 Qc5 30. Ra1 Qb6 31. g4 Rd2 32. Ng3 Bg5 33. Rad1 Qd8 34. Nh5 a5 35. Rxd2 Qxd2 36. Qg3 Qe2 37. Re1 Qd2 38. Rf1 Bf4 39. Nxf4 exf4 40. Rxf4 a4 41. Rf2 Qe1+ 42. Kh2 Qxe4 43. Qd6 Kg8 44. Kg3 Re8 45. Rf4 Qe3+ 46. Kg2 Qe2+ 47. Rf2 Qe4+ 48. Rf3 a3 49. Qxa3 Rd8 50. Qb2 Rd3 51. Qa2+ Kf8 52. Qa8+ Kf7 53. Qa7+ Kf6 54. g5+ Ke5 55. Qxg7+ Kd5 56. Qd7+ Kc4 57. Qxd3+ Qxd3 58. Rxd3 Kxd3 59. f6 Kxc3 60. f7 b4 61. f8=Q b3 62. Qg7+ Kc2 63. Qxh7+ Kb2 64. Qe4 c5 65. Qc4 Ka3 66. Qxc5+ Ka2 67. Qb4 b2 68. Qxb2+ Kxb2 69. g6 Ka1 70. g7 Kb2 71. g8=Q Ka1 72. h4 Kb2 73. h5 Ka1 74. h6 Kb2 75. h7 Ka1 76. h8=N Kb2 77. Ng6 Ka1 78. Nf4 Kb2 79. Ne2 Ka1 80. Qc4 Kb2 81. Qb5+ Ka1 82. Nd4 Ka2 83. Qb3+ Ka1 84. Nc2# 1-0


[Site "https://www.chess.com"]

[Event "Titled Tuesday Blitz May 17 Early 2022"]
[White "Matinian, Nikita"]
[Black "Aghasiyev, Kamal"]
[WhiteFideId "24129100"]
[BlackFideId "13402854"]
[WhiteElo "2422"]
[BlackElo "2210"]
[Result "1-0"]
[Round "09"]
[TimeControl "180+1"]
[Date "2022.05.17"]
[WhiteClock "0:00:45"]
[BlackClock "0:00:01"]

1. e4 e5 2. Nf3 Nc6 3. Bb5 a6 4. Ba4 Nf6 5. O-O b5 6. Bb3 Bc5 7. c3 d6 8. d4 Bb6 9. Be3 Rb8 10. Nbd2 O-O 11. h3 h6 12. Re1 Re8 13. Rc1 Bb7 14. d5 Ne7 15. Bxb6 cxb6 16. c4 bxc4 17. Bxc4 Ng6 18. Bf1 b5 19. b4 Qb6 20. Nb3 Rbc8 21. g3 Rxc1 22. Qxc1 Rc8 23. Qd2 Rc7 24. Na5 Bc8 25. Kg2 Bd7 26. Bd3 Qb8 27. Rc1 Bxh3+ 28. Kg1 Qc8 29. Rxc7 Qxc7 30. Qc2 Qd7 31. Nh2 Ne7 32. Nc6 Kh7 33. a4 bxa4 34. Qxa4 Qc7 35. Qxa6 Nc8 36. Qa5 Nb6 37. Qa7 Qxa7 38. Nxa7 Bd7 39. f3 Ne8 40. Nf1 g6 41. Ne3 Nc7 42. Nc4 Nxc4 43. Bxc4 Na8 44. Bb5 Bxb5 45. Nxb5 Nb6 46. Nxd6 Kg7 47. Kf2 Kf6 48. f4 g5 49. Kf3 gxf4 50. gxf4 Na4 51. fxe5+ Kxe5 52. Nxf7+ Kf6 53. Nxh6 Nc3 54. Ng4+ Ke7 55. Kf4 Na2 56. b5 Nc3 57. b6 Kd6 58. Nf6 Na4 59. b7 Kc7 60. e5 Kxb7 61. e6 Nc3 62. e7 1-0


[Site "https://www.chess.com"]

[Event "Titled Tuesday Blitz May 17 Early 2022"]
[White "Ohanyan, Emin"]
[Black "Keymer, Vincent"]
[WhiteFideId "13312022"]
[BlackFideId "12940690"]
[WhiteElo "1927"]
[BlackElo "2548"]
[Result "1-0"]
[Round "09"]
[TimeControl "180+1"]
[Date "2022.05.17"]
[WhiteClock "0:00:14"]
[BlackClock "0:00:03"]

1. e4 c5 2. Nf3 d6 3. d4 cxd4 4. Nxd4 Nf6 5. Nc3 a6 6. Bg5 e6 7. f4 Qb6 8. Qd2 Qxb2 9. Rb1 Qa3 10. e5 h6 11. Bh4 dxe5 12. fxe5 g5 13. exf6 gxh4 14. Rd1 Nd7 15. Ne4 Rg8 16. Be2 Rxg2 17. Nxe6 Rxe2+ 18. Qxe2 fxe6 19. Nd6+ Kd8 20. Qxe6 Qc3+ 21. Ke2 Qxf6 22. Nf7+ Qxf7 23. Qxf7 Bc5 24. Rd5 Kc7 25. Rxc5+ 1-0


[Site "https://www.chess.com"]

[Event "Titled Tuesday Blitz May 17 Early 2022"]
[White "Oparin, Grigoriy"]
[Black "Klekowski, Maciej"]
[WhiteFideId "24125890"]
[BlackFideId "1132717"]
[WhiteElo "2665"]
[BlackElo "2476"]
[Result "0-1"]
[Round "09"]
[TimeControl "180+1"]
[Date "2022.05.17"]
[WhiteClock "0:00:07"]
[BlackClock "0:00:23"]

1. c4 e5 2. Nc3 Nc6 3. g3 f5 4. Nf3 Nf6 5. d4 e4 6. Ng5 Bb4 7. h4 d5 8. e3 h6 9. Nh3 g5 10. Bd2 Bxc3 11. Bxc3 Be6 12. Qb3 Rb8 13. Qa3 Qe7 14. Qa4 a6 15. O-O-O Nd7 16. cxd5 Bxd5 17. Be2 b5 18. Qc2 Rg8 19. hxg5 hxg5 20. b3 a5 21. g4 a4 22. b4 Nxb4 23. Bxb4 Qxb4 24. gxf5 Rb6 25. Qb2 Rc6+ 26. Kb1 Qxb2+ 27. Kxb2 a3+ 28. Kb1 b4 29. Rc1 Ke7 30. Rxc6 Bxc6 31. Rg1 Nf6 32. Rxg5 Rh8 33. Nf4 Rh1+ 34. Kc2 Ba4+ 35. Kd2 b3 36. Rg7+ Kd6 37. axb3 a2 38. Rg6 a1=Q 39. Rxf6+ Kd7 40. Rf7+ Kc8 0-1


[Site "https://www.chess.com"]

[Event "Titled Tuesday Blitz May 17 Early 2022"]
[White "Paravyan, David"]
[Black "Xiong, Jeffery"]
[WhiteFideId "4194985"]
[BlackFideId "2047640"]
[WhiteElo "2569"]
[BlackElo "2727"]
[Result "1-0"]
[Round "09"]
[TimeControl "180+1"]
[Date "2022.05.17"]
[WhiteClock "0:02:22"]
[BlackClock "0:02:47"]

1. e4 c5 2. Nf3 d6 3. d4 cxd4 4. Nxd4 Nf6 5. Nc3 a6 6. Bg5 e6 7. f4 h6 8. Bxf6 Qxf6 9. Qd2 Nc6 10. Nxc6 bxc6 11. O-O-O g5 12. g3 d5 13. exd5 cxd5 14. Nxd5 exd5 15. Qxd5 Rb8 16. Bb5+ 1-0


[Site "https://www.chess.com"]

[Event "Titled Tuesday Blitz May 17 Early 2022"]
[White "Risteski, Emil"]
[Black "Morefield, Jason"]
[WhiteFideId "15005267"]
[BlackFideId "30920825"]
[WhiteElo "2070"]
[BlackElo "2171"]
[Result "0-1"]
[Round "09"]
[TimeControl "180+1"]
[Date "2022.05.17"]
[WhiteClock "0:00:11"]
[BlackClock "0:00:09"]

1. e4 d6 2. d4 Nf6 3. f3 c5 4. Ne2 cxd4 5. Nxd4 Nc6 6. Nc3 e5 7. Nb3 Be6 8. Nd5 Be7 9. c4 O-O 10. Be3 a5 11. Qd2 a4 12. Nc1 Nd7 13. Bd3 f5 14. Ne2 Nc5 15. Bxc5 dxc5 16. exf5 Bxf5 17. Bxf5 Rxf5 18. O-O Nd4 19. Nec3 Kh8 20. Rae1 Bd6 21. Re4 Ra6 22. Qd1 a3 23. b3 Bb8 24. Rg4 h5 25. Re4 Rg6 26. Kh1 Bc7 27. Ne3 Rf7 28. Ncd5 Rh6 29. Qe1 b5 30. Nxc7 Qxc7 31. Nd5 Qd6 32. Rxe5 bxc4 33. bxc4 h4 34. Qe4 h3 35. g3 Rf8 36. f4 Qc6 37. Nc3 Qc8 38. Na4 Qa6 39. Rxc5 Qxa4 40. Qxd4 Qc2 41. Qf2 Qe4+ 42. Qf3 Qd4 43. Rh5 Qxc4 44. Rxh6+ gxh6 45. f5 Rf6 46. g4 Qxa2 47. Qxh3 Qc4 48. Qg2 a2 49. g5 hxg5 50. Re1 Rxf5 51. Re8+ Kg7 52. Re7+ Kf6 53. Re1 Rf4 54. Qb7 Kf5 55. Qe7 Kg4 56. Qe6+ Qxe6 57. Rg1+ Kf5 58. h4 Kg6 59. Rxg5+ Kh6 60. Rg6+ Kxg6 61. h5+ Kxh5 62. Kh2 Kg5 63. Kg2 Qg4+ 64. Kh2 Kf5 65. Kh1 Re4 66. Kh2 Re6 67. Kh1 Rh6# 0-1


[Site "https://www.chess.com"]

[Event "Titled Tuesday Blitz May 17 Early 2022"]
[White "Rohith Krishna S"]
[Black "Ciorgovean, Iustin"]
[WhiteFideId "46617051"]
[BlackFideId "1242911"]
[WhiteElo "2117"]
[BlackElo "2075"]
[Result "0-1"]
[Round "09"]
[TimeControl "180+1"]
[Date "2022.05.17"]
[WhiteClock "0:00:20"]
[BlackClock "0:00:09"]

1. Nf3 c5 2. g3 Nc6 3. Bg2 e5 4. O-O d5 5. c4 d4 6. d3 Nf6 7. a3 a5 8. Nbd2 h6 9. e3 Bd6 10. exd4 cxd4 11. Rb1 O-O 12. Re1 Re8 13. h3 a4 14. g4 Bf8 15. Nh2 Nd7 16. Ne4 Nc5 17. Nxc5 Bxc5 18. Nf1 f5 19. Ng3 f4 20. Ne4 Bf8 21. b4 axb3 22. Rxb3 Ra7 23. Qc2 Be6 24. Qb1 Qd7 25. f3 Bf7 26. h4 Be7 27. h5 Rea8 28. Bf1 Nd8 29. Rb5 Qc7 30. Nf2 Nc6 31. Re2 Bd6 32. Ne4 Be7 33. Re1 Nd8 34. Nd2 Bf6 35. Nb3 Be8 36. Rc5 Bc6 37. Be2 Qd6 38. Bd2 Ne6 39. Bb4 Nxc5 40. Bxc5 Qd8 41. Bxa7 Rxa7 42. Nc5 Qd6 43. Qb6 Rxa3 44. Nxb7 Qd7 45. Nc5 Qd6 46. Ne4 Qd7 47. Rb1 Kh7 48. Nxf6+ gxf6 49. Qc5 Ra7 50. Rb8 Rb7 51. Rf8 Kg7 52. Kf2 Qe7 53. Qxe7+ Rxe7 54. Rc8 Bd7 55. Rc7 Kf7 56. Bd1 Be6 57. Rc5 Ra7 58. Rb5 Ke7 59. Ke1 Kd7 60. Rb2 Kc7 61. Kd2 Bd7 62. Be2 Bc6 63. Bd1 Ra3 64. Kc1 Rxd3 65. Kc2 Rc3+ 66. Kd2 Bxf3 67. Ba4 Bxg4 68. Be8 Bf5 69. Bg6 Bxg6 70. hxg6 Rg3 71. c5 Rxg6 72. Rb6 Rg3 73. Rxf6 Rc3 74. Rxh6 Rxc5 75. Kd3 Rc3+ 76. Ke4 Re3+ 77. Kd5 d3 78. Rh7+ Kb6 79. Rh8 d2 80. Rb8+ Kc7 81. Rb1 Rd3+ 82. Kc5 d1=Q 83. Rxd1 Rxd1 0-1


[Site "https://www.chess.com"]

[Event "Titled Tuesday Blitz May 17 Early 2022"]
[White "Sadhwani, Raunak"]
[Black "Yeletsky, Ivan"]
[WhiteFideId "35093487"]
[BlackFideId "24180327"]
[WhiteElo "2616"]
[BlackElo "2319"]
[Result "1-0"]
[Round "09"]
[TimeControl "180+1"]
[Date "2022.05.17"]
[WhiteClock "0:00:39"]
[BlackClock "0:00:20"]

1. e4 c5 2. Nf3 d6 3. d4 cxd4 4. Nxd4 Nf6 5. Nc3 a6 6. h3 e5 7. Nb3 Be6 8. f4 b5 9. f5 Bc8 10. Bg5 Nbd7 11. Qf3 Bb7 12. O-O-O Be7 13. Bxf6 Nxf6 14. Kb1 Rc8 15. Nd5 Bxd5 16. exd5 h5 17. g3 Qb6 18. Bd3 a5 19. g4 a4 20. Nd2 a3 21. g5 Nd7 22. f6 Qd4 23. bxa3 gxf6 24. Bf5 fxg5 25. Ne4 Qc4 26. Rh2 Nc5 27. Rf2 Nxe4 28. Bxe4 Rf8 29. Bd3 g4 30. Qf5 Qc5 31. hxg4 hxg4 32. Qxg4 b4 33. a4 e4 34. Bb5+ 1-0


[Site "https://www.chess.com"]

[Event "Titled Tuesday Blitz May 17 Early 2022"]
[White "Samunenkov, Ihor"]
[Black "De Silva, L M S T"]
[WhiteFideId "14187086"]
[BlackFideId "9953698"]
[WhiteElo "2409"]
[BlackElo "1631"]
[Result "0-1"]
[Round "09"]
[TimeControl "180+1"]
[Date "2022.05.17"]
[WhiteClock "0:00:01"]
[BlackClock "0:00:18"]

1. e4 e5 2. Nf3 Nc6 3. Bb5 a6 4. Ba4 Nf6 5. O-O Be7 6. Re1 b5 7. Bb3 O-O 8. a4 Bb7 9. d3 d5 10. exd5 Nxd5 11. axb5 axb5 12. Rxa8 Bxa8 13. Nxe5 Nd4 14. c3 Nxb3 15. Qxb3 Bd6 16. Nd2 Nf4 17. Ndf3 Bxe5 18. Nxe5 Nxg2 19. Rd1 Nh4 20. Qxb5 Qf6 21. d4 Nf3+ 22. Kf1 Nxh2+ 23. Ke2 Nf3 24. Be3 Nxe5 25. dxe5 Qf3+ 26. Ke1 Bc6 27. Qe2 Qh1+ 28. Kd2 Rd8+ 29. Kc1 Qh4 30. Rxd8+ Qxd8 31. f4 Qd5 32. Bd4 h5 33. Kd2 h4 34. Qh2 Qd8 0-1


[Site "https://www.chess.com"]

[Event "Titled Tuesday Blitz May 17 Early 2022"]
[White "Sarana, Alexey"]
[Black "Andreikin, Dmitry"]
[WhiteFideId "24133795"]
[BlackFideId "4158814"]
[WhiteElo "2666"]
[BlackElo "2736"]
[Result "1/2-1/2"]
[Round "09"]
[TimeControl "180+1"]
[Date "2022.05.17"]
[WhiteClock "0:01:36"]
[BlackClock "0:01:06"]

1. d4 Nf6 2. c4 e6 3. Nc3 Bb4 4. e3 O-O 5. Bd3 d5 6. a3 Be7 7. Nf3 c5 8. cxd5 cxd4 9. Nxd4 Nxd5 10. Nxd5 Qxd5 11. Qc2 Qh5 12. O-O Bf6 13. Be4 Nd7 14. Bd2 Bxd4 15. exd4 Nf6 16. Bf3 Qg6 17. Rac1 Nd5 18. Qxg6 hxg6 19. Bxd5 exd5 20. Rc7 Re8 21. Be3 b6 22. Rfc1 Ba6 23. b3 Bd3 24. h3 a5 25. a4 Rab8 26. Ra7 Rec8 27. Rac7 Rxc7 28. Rxc7 Be2 29. Bf4 Re8 30. Rc1 Bd3 31. Be3 1/2-1/2


[Site "https://www.chess.com"]

[Event "Titled Tuesday Blitz May 17 Early 2022"]
[White "Seo, Jung Min"]
[Black "Zhigalko, Sergei"]
[WhiteFideId "1734687"]
[BlackFideId "13502956"]
[WhiteElo "2401"]
[BlackElo "2662"]
[Result "0-1"]
[Round "09"]
[TimeControl "180+1"]
[Date "2022.05.17"]
[WhiteClock "0:02:08"]
[BlackClock "0:01:59"]

1. d4 Nf6 2. c4 e6 3. Nf3 b6 4. g3 Ba6 5. b3 Bb4+ 6. Bd2 Be7 7. Bg2 c6 8. Ne5 d5 9. Bc3 O-O 10. O-O Nfd7 11. Nxd7 Nxd7 12. Nd2 f5 13. Rc1 Bd6 14. Qc2 Nf6 15. Rfe1 Qe7 16. e3 Rac8 17. f3 c5 18. dxc5 Bxc5 19. Kh1 Ba3 20. Bb2 Rfd8 21. Qb1 dxc4 22. Nxc4 Bxc4 23. bxc4 Rd2 24. Rc2 Rxc2 25. Qxc2 Qb4 26. Rb1 Bxb2 27. Rxb2 Qe1+ 0-1


[Site "https://www.chess.com"]